 Dungeon Crawl Stone Soup version 0.29.1-12-g30fa7ad0bf (webtiles) character file.

Game seed: 5009074192051463892

210 safid the Shooter (level 5, 0/48 HPs)
             Began as a Minotaur Hunter on Dec 13, 2022.
             Killed from afar by Grinder (19 damage)
             ... with a bolt of light
             ... on level 3 of the Dungeon.
             The game lasted 00:02:45 (1547 turns).

safid the Shooter (Minotaur Hunter)                 Turns: 1547, Time: 00:02:46

Health: 0/48       AC:  3    Str: 16    XL:     5   Next: 57%
Magic:  4/4        EV: 12    Int:  6    God:
Gold:   97         SH:  0    Dex: 15    Spells: 4/4 levels left

rFire   . . .      SeeInvis .   h - +0 longbow
rCold   . . .      Faith    .   (shield currently unavailable)
rNeg    . . .      Spirit   .   c - +0 leather armour
rPois   .          Reflect  .   (helmet restricted)
rElec   .          Harm     .   (no cloak)
rCorr   .          Rampage  .   (no gloves)
Will    .....                   (no boots)
Stlth   +.........              (no amulet)
HPRegen 0.16/turn               (no ring)
MPRegen 0.09/turn               (no ring)

@: confused
A: horns 2, retaliatory headbutt
a: no special abilities


You were on level 3 of the Dungeon.
You visited 1 branch of the dungeon, and saw 3 of its levels.

You collected 97 gold pieces.

Inventory:

Hand Weapons
 h - a +0 longbow (weapon)
Armour
 c - a +0 leather armour (worn)
Scrolls
 b - a scroll of immolation
 d - a scroll of fear {unknown}
 e - a scroll of enchant armour {unknown}
 f - a scroll of amnesia {unknown}
 j - 2 scrolls of teleportation {unknown}
 l - 2 scrolls of identify {unknown}
Potions
 a - a potion of degeneration {unknown}
 g - 2 potions of might {unknown}
 i - a potion of curing {unknown}
 k - 3 potions of mutation {unknown}
 m - a potion of haste {unknown}
 n - a potion of flight {unknown}


   Skills:
 + Level 5.1 Fighting
 + Level 6.1 Ranged Weapons
 - Level 2.4 Dodging
 - Level 1.1 Stealth


You had 4 spell levels left.
You didn't know any spells.
Your spell library contained the following spells:

 Spells                   Type           Power      Damage    Failure   Level
 Ignite Poison            Fire/Tmut/Pois 0%         N/A       88%         3
 Mephitic Cloud           Conj/Pois/Air  0%         N/A       88%         3
 Freezing Cloud           Conj/Ice/Air   0%         6-21      100%        5


Dungeon Overview and Level Annotations

Branches:
Dungeon (3/15)

Altars:
Hepliaklqana

Annotations:
D:3 1 runed translucent door, Crazy Yiuf, Grinder


Innate Abilities, Weirdness & Mutations

You have a pair of horns on your head.
You reflexively headbutt those who attack you in melee.


Message History

You see here 5 stones.
You open the door.
There is an open door here.
There is a hazy altar of Hepliaklqana here.
Found a hammer.
Found a runed translucent door.
Crazy Yiuf shouts!
There is an open door here.
Found a stone staircase leading up.
No target in view!
No target in view!
You now have 97 gold pieces (gained 13).
Grinder comes into view.
She is carrying a wand of light (9).
Found a falchion.
Grinder is nearby!
Grinder is nearby!
You shoot an arrow. The arrow closely misses Grinder.
You shoot an arrow. The arrow closely misses Grinder.
No target in view!
No target in view!
No target in view!
No target in view!
Grinder gestures at you. Pain shoots through your body!
You shoot an arrow. The arrow hits Grinder!
Grinder is moderately wounded.
Grinder zaps a wand.
The bolt of light hits you!!
You are too injured to fight recklessly!
You are too injured to fight recklessly!
You are too injured to fight recklessly!
You are too injured to fight recklessly!
You are too injured to fight recklessly!
Unknown command.
Fire: h) +0 longbow
Press: ? - help, Q - select action Shift-Dir - straight line, f/p - Grinder
Aim: Grinder, carrying a wand of light (8) (moderately wounded, 58% to hit)
You shoot an arrow. The arrow hits Grinder.
Grinder is moderately wounded.
Grinder zaps a wand.
The bolt of light hits you!!
You are confused.
You die...

.............
............... .
.#.#.........## ..
.#........#### .).
.######....# .... .#
#..#.## ..... #.# #..#..#
.....[######.# #..##.##
......5...@..######......#
###########..#.......##..#
#..#.####......#
#..#.#..##.#####
#..#.#..##.#..
#####..#.#..##.#.#
.............##.#.###
######........#.....#
#..........#.###


You could see Grinder.

Vanquished Creatures
  Sigmund (D:3)
  3 adders
  2 worms (D:2)
  2 dart slugs (D:3)
  5 endoplasms
  A goblin (D:3)
  2 hobgoblins
  A kobold (D:2)
  A quokka (D:2)
  4 ball pythons
  A bat (D:2)
  A frilled lizard (D:2)
  3 rats
27 creatures vanquished.

Notes
Turn   | Place    | Note
-------+----------+-------------------------------------------
     0 | D:1      | safid the Minotaur Hunter began the quest for the Orb.
     0 | D:1      | Reached XP level 1. HP: 18/18 MP: 0/0
    16 | D:1      | You fall into a shaft and drop 1 floor!
   102 | D:2      | Reached skill level 1 in Stealth
   192 | D:2      | Reached XP level 2. HP: 25/25 MP: 1/1
   308 | D:2      | Found a faded altar of an unknown god.
   491 | D:2      | Reached XP level 3. HP: 21/31 MP: 2/2
   871 | D:3      | Reached skill level 5 in Ranged Weapons
  1177 | D:3      | Found a hazy altar of Hepliaklqana.
  1200 | D:3      | Noticed Sigmund
  1205 | D:3      | Killed Sigmund
  1206 | D:3      | Reached skill level 5 in Fighting
  1206 | D:3      | Reached skill level 6 in Ranged Weapons
  1206 | D:3      | Reached XP level 4. HP: 37/42 MP: 3/3
  1206 | D:3      | Reached XP level 5. HP: 43/48 MP: 4/4
  1478 | D:3      | Found a runed translucent door.
  1479 | D:3      | Noticed Crazy Yiuf
  1540 | D:3      | Noticed Grinder
  1547 | D:3      | Killed from afar by Grinder

Illustrated notes

Levels and vault maps discovered:
D:1:      dpeg_arrival_tiny_i, layout_rooms
D:2:      layout_basic, ebering_ecumenical_altar_box, kennysheep_big_empty_room
D:3:      layout_basic, overflow_temple_1_default, uniq_grinder, uniq_sigmund,
          uniq_crazy_yiuf_cottage

Skill      XL: |  1  2  3 |
---------------+----------+-----
Stealth        | 1 |  1.1
Fighting       | 3 5 |  5.1
Ranged Weapons | 6 |  6.1
Dodging        | |  2.4

Action                   |  1- 3 |  4- 6 || total
-------------------------+-------+-------++-------
 Fire: Shortbow          |    16 |       ||    16
       Longbow           |    46 |    13 ||    59
Armor: Leather armour    |     9 |       ||     9
Dodge: Dodged            |    16 |       ||    16
